 Dungeon Crawl Stone Soup version 0.31.0-1-g2c135a008e (webtiles) character file.

Game seed: 7222881428507048605

99 qw the Shooter (level 5, 0/40 HPs)
             Began as a Djinni Hunter on Jan 23, 2024.
             Incinerated by a bombardier beetle (1 damage)
             ... with a burning spray
             ... on level 3 of the Dungeon.
             The game lasted 00:00:07 (1995 turns).

qw the Shooter (Djinni Hunter)                      Turns: 1995, Time: 00:00:07

Health: 0/40       AC:  6    Str:  8 (10) XL:     5   Next: 2%
Gold:   89         EV: 10    Int: 10      God:
                   SH:  0    Dex: 17 (19)

rFire   + + .        a - +1 shortbow
rCold   x . .        (shield currently unavailable)
rNeg    . . .        g - +0 ring mail
rPois   inf          h - +0 helmet
rElec   .            (no cloak)
rCorr   .            (no gloves)
SInv    .            (boots unavailable)
Will    .....        (no amulet)
Stlth   +            (no ring)
HPRegen 0.26/turn    (no ring)
MPRegen 0.00/turn

%: infuse magic (-1 HP)
@: on fire, flying, glowing
A: sickness immunity, fire resistance 2, cold vulnerability 1, float, innate
caster, HP casting, extra vitality 1
a: no special abilities


You were on level 3 of the Dungeon.
You visited 1 branch of the dungeon, and saw 3 of its levels.

You collected 89 gold pieces.


Innate Abilities, Weirdness & Mutations

You are immune to sickness and miasma.
You are immune to poison.
Your flesh is very heat resistant. (rF++)
You are vulnerable to cold. (rC-)
You float through the air rather than walking.
You learn spells naturally, not from books.
Your magical power is your life essence.
You have superior vitality. (+4 MHP)


   Skills:
 - Level 3.0 Fighting
 + Level 4.4 Ranged Weapons
 - Level 1.0 Armour
 - Level 2.1 Dodging
 - Level 0.7 Stealth


You knew the following spells:

 Your Spells              Type           Power      Damage    Failure   Level
a - Kiss of Death         Conj/Necr      0%         2d5       75%         1
b - Mercury Vapours       Alch/Air       0%         N/A       87%         2
Your spell library was empty.

Inventory:

Hand Weapons
 a - a +1 shortbow (weapon)
Armour
 g - a +0 ring mail (worn)
 h - a +0 helmet (worn)
Scrolls
 f - a scroll of poison {unknown}
Potions
 b - a potion of mutation {unknown}
 c - a potion of might {unknown}
 d - a potion of resistance
 e - a potion of cancellation
 i - a potion of invisibility {unknown}

Dungeon Overview and Level Annotations

Branches:
Dungeon (3/15)

Altars:
Dithmenos
Nemelex Xobeh

Shops:
D:3 *

Annotations:
D:2 1 runed translucent door, Crazy Yiuf


Message History

The liquid fire burns you!
You are on fire!
The liquid fire burns you!
You are on fire!
The liquid fire burns you!
You are on fire!
The liquid fire burns you!
You are on fire!
The liquid fire burns you!
You are on fire!
The liquid fire burns you!
You are on fire!
The liquid fire burns you!
You are on fire!
The liquid fire burns you!
You are on fire!
The liquid fire burns you!
You are on fire!
The liquid fire burns you!
You are on fire!
The liquid fire burns you!
You are on fire!
The liquid fire burns you!
You are on fire!
The liquid fire burns you!
You are on fire!
The liquid fire burns you!
You are on fire!
The liquid fire burns you!
You are on fire!
The liquid fire burns you!
You are on fire!
The liquid fire burns you!
You are on fire!
The liquid fire burns you!
You are on fire!
The liquid fire burns you!
You are on fire!
The liquid fire burns you!
You die...

###..........................#
^.#..........................#
.............................#
#............................#
###..........................# #
#..........................# #
#......................######## #
#.....>................#.......
#.............@.(......#.......
###..............%.......#.......
...... ..........).......#...####
...... ..................#...#
...... ..................#...#
.....# ############.P.P. #...#
.....# .P\.. #...# ...### .P...
#...# ...# #...####


There were no monsters in sight!

Vanquished Creatures
  A bombardier beetle (D:3)
  2 adders
  A dart slug (D:1)
  A ribbon worm (D:2)
  3 ball pythons
  4 giant cockroaches
  4 goblins
  5 hobgoblins
  2 quokkas
  5 bats
  2 frilled lizards
  5 kobolds
  4 rats
39 creatures vanquished.

Notes
Turn   | Place    | Note
-------+----------+-------------------------------------------
     0 | D:1      | qw the Djinni Hunter began the quest for the Orb.
     0 | D:1      | Reached XP level 1. HP: 18/18 MP: 0/0
     0 | D:1      | 0 ||| qw: Version: 0.3-a-134-g2ba4250
     0 | D:1      | 0 ||| qw: Game counter: 719
     0 | D:1      | 0 ||| qw: Melee chars always use a shield: true
     0 | D:1      | 0 ||| qw: God list: Okawaru
     0 | D:1      | 0 ||| qw: Allow faded altars: false
     0 | D:1      | 0 ||| qw: Do Orc after clearing Dungeon:15 true
     0 | D:1      | 0 ||| qw: Do second Lair branch before Depths: true
     0 | D:1      | 0 ||| qw: Lair rune preference: random
     0 | D:1      | 0 ||| qw: Goals: Normal
     0 | D:1      | 0 ||| PLANNING D:1-11
   120 | D:1      | Reached XP level 2. HP: 23/23 MP: 0/0
   360 | D:1      | Reached skill level 4 in Ranged Weapons
   360 | D:1      | Reached XP level 3. HP: 28/28 MP: 0/0
   360 | D:1      | Learned a level 1 spell: Kiss of Death
   630 | D:1      | 630 ||| READING scroll labelled VUTUTR OTISE.
   630 | D:1      | 630 ||| IDENTIFYING red potion
   631 | D:1      | 631 ||| READING scroll labelled LODOHE SAOHED.
   635 | D:1      | 635 ||| READING scroll labelled YNLA IGROG.
   636 | D:1      | 636 ||| DRINKING 2 fuming sapphire potions.
   637 | D:1      | 637 ||| DROPPING scroll of butterflies.
   638 | D:1      | 638 ||| DROPPING potion of degeneration.
   715 | D:2      | Found a runed translucent door.
   716 | D:2      | Noticed Crazy Yiuf
  1324 | D:2      | Reached skill level 3 in Fighting
  1324 | D:2      | Reached XP level 4. HP: 21/35 MP: 0/0
  1526 | D:2      | 1526 ||| UPGRADING to +0 ring mail.
  1536 | D:2      | 1536 ||| DROPPING +0 leather armour.
  1537 | D:2      | 1537 ||| UPGRADING to +0 helmet.
  1542 | D:2      | 1542 ||| READING scroll of identify.
  1542 | D:2      | 1542 ||| IDENTIFYING coppery potion
  1543 | D:2      | 1543 ||| READING scroll labelled KAPUCU GIGAEZA.
  1543 | D:2      | 1543 ||| ENCHANTING +0 shortbow.
  1625 | D:3      | Found a shadowy altar of Dithmenos.
  1801 | D:3      | Found a sparkling altar of Nemelex Xobeh.
  1913 | D:3      | Reached skill level 1 in Armour
  1944 | D:3      | Found Fyewucw's Assorted Antiques.
  1971 | D:3      | Reached XP level 5. HP: 16/40 MP: 0/0
  1971 | D:3      | Learned a level 2 spell: Mercury Vapours
  1983 | D:3      | HP: 10/40 [burnt (1)]
  1988 | D:3      | HP: 5/40 [burnt (1)]
  1992 | D:3      | HP: 2/40 [burnt (1)]
  1995 | D:3      | Incinerated by a bombardier beetle

Levels and vault maps discovered:
D:1:      erik_arrival_triangle_medium, layout_loops_ring
D:2:      layout_loops_ring, hex_tiny, kennysheep_generic_room_14,
          uniq_crazy_yiuf_cottage
D:3:      minmay_goblin_kobold_castle, layout_basic,
          nicolae_overflow_crystal_walls, mainiacjoe_overflow_boulevard,
          serial_shops, nicolae_shop_overgrown_old_shop, kennysheep_path_1

Skill      XL: |  1  2  3  4 |
---------------+-------------+-----
Ranged Weapons | 4 |  4.4
Fighting       | 3 |  3.0
Armour         | 1 |  1.0
Dodging        | |  2.1
Stealth        | |  0.7

Action                     |  1- 3 |  4- 6 || total
---------------------------+-------+-------++-------
   Fire: Shortbow          |   106 |    34 ||   140
    Use: Scroll            |     3 |     2 ||     5
         Potion            |     1 |       ||     1
 Armour: Leather armour    |    41 |       ||    41
         Ring mail         |       |     6 ||     6
  Dodge: Dodged            |    28 |     2 ||    30

Table legend:
 A = Non-vault XP
 B = Vault XP
 C = Vault XP percentage of total XP
 D = Non-vault monster count
 E = Vault monster count
 F = Vault count percentage of total count
                 A         B        C        D         E       F
            +---------+---------+-------+---------+---------+-------
      Total |     141 |       1 |   0.7 |      38 |       1 |   2.6
            +---------+---------+-------+---------+---------+-------
        D:1 |      34 |       0 |   0.0 |      20 |       0 |   0.0
        D:2 |      36 |       1 |   2.7 |      14 |       1 |   6.7
        D:3 |      71 |       0 |   0.0 |       4 |       0 |   0.0
            +---------+---------+-------+---------+---------+-------
